Map: 세룰리안 폴 - 래더

Players

Scarlett

  • Race: Zerg Zerg
  • Spawn Location: 1:00

soO - Winner!

  • Race: Zerg Zerg
  • Spawn Location: 7:00

Event: IEM Season 13 - Katowice Server Qualifiers America

VOD

Have the link to the VOD?

Description

Time

  • Played on: Jan. 6, 2019, 4:19 p.m.
  • Length: 7:26

All games in this series

Show
View Real Time Build Order
Export as new Build Order

Scarlett Zerg 

Build Orders: Hatch First 

Get SALT Encoding   

  12  0:00  Drone  
  13  0:12  Overlord  
  13  0:17  Drone  
  14  0:31  Drone x2  
  16  0:48  Hatchery  
  15  0:51  Drone  
  15  0:55  Drone  
  17  0:58  Drone  
  18  1:11  Extractor  
  17  1:13  Spawning Pool  
  17  1:16  Drone  
  17  1:20  Drone  
  18  1:27  Drone  
  19  1:38  Drone  
  20  1:49  Drone  
  21  2:00  Queen x2  
  21  2:01  Overlord  
  25  2:02  Drone  
  26  2:10  Metabolic Boost  
  26  2:11  Zergling x2  
  26  2:13  Drone  
  28  2:22  Drone x2  
  30  2:32  Drone x2  
  32  2:42  Hatchery  
  31  2:46  Queen  
  31  2:51  Overlord  
  33  3:00  Drone x3  
  36  3:08  Evolution Chamber  
  36  3:09  Zergling x2  
  36  3:10  Drone x3  
  39  3:22  Drone x3  
  42  3:27  Roach Warren  
  42  3:33  Overlord  
  41  3:41  Overlord, Zerg Missile Weapons Level 1  
  41  3:43  Drone x3  
  41  3:45  Extractor  
  41  3:47  Extractor  
  42  3:49  Drone x2  
  44  3:57  Evolution Chamber  
  44  3:59  Zergling x6  
  44  4:01  Evolution Chamber  
  45  4:05  Zergling x6  
  45  4:08  Evolution Chamber  
  48  4:14  Lair, Drone x2  
  46  4:21  Roach x2  
  50  4:29  Roach  
  50  4:30  Roach x3  
  54  4:41  Drone x4  
  54  4:42  Queen  
  54  4:45  Overlord  
  60  4:55  Zerg Ground Armor Level 1  
  60  4:59  Overlord  
  60  5:05  Drone x3  
  63  5:13  Glial Reconstitution  
  63  5:14  Roach x2  
  67  5:20  Roach x2  
  66  5:25  Roach  
  63  5:29  Roach x2  
  64  5:36  Roach x2  
  64  5:38  Queen  
  70  5:51  Roach  
  70  5:52  Roach x2  
  70  5:53  Overlord  
  70  5:55  Hatchery  
  75  5:58  Overlord  
  75  6:12  Roach x3  
  75  6:13  Roach  
  81  6:21  Roach x4  
  77  6:27  Roach x4  
  77  6:36  Roach x2  
  77  6:37  Roach  
  75  6:43  Roach x3  
  73  6:52  Roach x2  
  73  6:59  Roach  
  73  7:00  Roach  
  77  7:07  Roach  
Show
View Real Time Build Order
Export as new Build Order

soO Zerg - Winner!

Build Orders: Hatch First 

Get SALT Encoding   

  12  0:00  Drone  
  13  0:12  Overlord  
  13  0:17  Drone  
  14  0:30  Drone  
  14  0:31  Drone  
  14  0:35  Drone  
  17  0:50  Hatchery  
  17  0:54  Drone  
  17  0:58  Drone  
  18  1:08  Extractor  
  17  1:12  Spawning Pool  
  17  1:15  Drone  
  17  1:19  Drone  
  18  1:27  Drone  
  19  1:38  Overlord  
  19  1:54  Drone  
  19  1:58  Queen  
  19  2:00  Drone  
  23  2:02  Queen  
  23  2:03  Drone  
  26  2:11  Drone  
  26  2:13  Drone  
  28  2:21  Drone  
  29  2:24  Drone  
  29  2:26  Metabolic Boost  
  30  2:32  Overlord  
  30  2:34  Queen  
  32  2:38  Zergling x2  
  33  2:46  Drone x2  
  35  2:58  Drone x2  
  35  3:02  Evolution Chamber  
  36  3:10  Drone x3  
  36  3:11  Overlord  
  39  3:13  Zergling x2  
  39  3:14  Zergling x6  
  39  3:19  Roach Warren  
  42  3:20  Zergling x2  
  42  3:21  Zergling x2  
  44  3:29  Zerg Missile Weapons Level 1  
  44  3:31  Zergling x4  
  46  3:42  Zergling x2  
  46  3:43  Zergling x10  
  46  3:45  Overlord  
  52  3:53  Lair  
  52  3:54  Overlord  
  52  3:56  Extractor  
  51  4:06  Drone  
  51  4:07  Overlord  
  51  4:13  Drone  
  52  4:18  Drone x4  
  52  4:19  Drone x2  
  52  4:20  Drone  
  52  4:23  Extractor  
  57  4:35  Drone  
  58  4:42  Roach x3  
  64  4:47  Hatchery  
  64  4:49  Drone x2  
  64  4:50  Drone  
  64  4:51  Glial Reconstitution  
  64  4:52  Roach  
  68  4:55  Overseer  
  68  4:57  Overlord  
  68  5:02  Overlord  
  68  5:03  Overlord  
  68  5:12  Overlord  
  68  5:18  Roach x3  
  68  5:20  Roach x2  
  74  5:21  Roach  
  74  5:23  Roach  
  74  5:26  Roach  
  76  5:28  Roach  
  76  5:34  Roach  
  76  5:35  Roach  
  82  5:36  Roach  
  82  5:39  Roach  
  82  5:41  Roach  
  88  5:55  Zergling x8  
  92  6:00  Drone  
  93  6:06  Roach x2  
  93  6:07  Roach x3  
  103  6:14  Overlord x2  
  103  6:18  Roach x2  
  103  6:22  Roach  
  103  6:23  Roach  
  102  6:26  Roach  
  97  6:36  Roach x4  
  104  6:42  Roach  
  104  6:44  Roach x3  
  110  6:49  Roach x2  
  108  6:58  Ravager  
  109  7:08  Ravager  

Tags
 
Add a new tag
Caveats
  • Supply blocks, unpowered buildings, or Contaminate may cause inaccurate times.
  • Supply counts are checked every 10 seconds.